 Dungeon Crawl Stone Soup version 0.30-a0-364-gf6b3ef1049 (webtiles) character file.

Game seed: 7658774258984871941

304939 Shayle the Unseen (level 22, -2/255 HPs)
             Began as a Djinni Reaver on Nov 12, 2022.
             Was a Priest of Ashenzari.
             Killed from afar by a crystal guardian (39 damage)
             ... with a crystal bolt
             ... led by a peacekeeper
             ... on level 3 of the Vaults on Nov 15, 2022.
             The game lasted 04:46:16 (46400 turns).

Shayle the Unseen (Djinni Reaver)                  Turns: 46400, Time: 04:46:17

Health: -2/255     AC: 23    Str: 10    XL:     22   Next: 5%
Gold:   1037       EV: 20    Int: 27    God:    Ashenzari [***...] SH: 15 Dex: 19

rFire   + + +      SeeInvis +    A - +7 hand axe "Kerienwajam" {vorpal, rElec}
rCold   . . .      Faith    .    L - +2 kite shield {AC+3}
rNeg    + . .      Spirit   .    H - +1 troll leather armour of the Forsaken Wars {Regen+ Dex+2}
rPois   ∞          Reflect  +    v - +2 helmet "Share My Sorrow" {Int+3, Self, Melee} (curse)
rElec   +          Harm     .    a - +1 cloak "Buqit" {rF+ rN+ Regen+}
rCorr   .          Rampage  .    u - +2 pair of gloves "Eternal the Doldrums" {Cun, Evo} (curse)
Will    ++...      Clarity  +    (boots unavailable)
Stlth   ..........               i - amulet "Share My Fetters" {Reflect SH+5, Range, Self} (curse)
HPRegen 2.22/turn                p - ring of Ashenzari's Submission {rC+, Melee, Range} (curse)
MPRegen 0.00/turn                C - ring "Disgust of Ashenzari" {AC+4, Fort, Self} (curse)

@: berserking, flying, very quick
A: sickness immunity, fire resistance 2, cold vulnerability 1, float, innate
caster, HP casting, extra vitality 1, claws 1, agile 1, clarity
}: 2/15 runes: decaying, serpentine
a: Renounce Religion, Curse Item, Shatter the Chains


You were on level 3 of the Vaults.
You worshipped Ashenzari.
Ashenzari was most pleased with you.
You visited 9 branches of the dungeon, and saw 37 of its levels.
You visited 2 bazaars.

You collected 3987 gold pieces.
You spent 2950 gold pieces at shops.

Inventory:

Hand Weapons
 b - a +4 eudemon blade of holy wrath
 r - the +1 hand axe "Vyar" {speed, rF+ rN+ Str+5}
   (You found it on level 5 of the Lair of Beasts)

   Attacks with this weapon are significantly faster.
   Str:       It affects your strength (+5).
   rF:        It protects you from fire.
   rN:        It protects you from negative energy.
 A - the +7 hand axe "Kerienwajam" (weapon) {vorpal, rElec}
   (You found it on level 6 of the Dungeon)

   It inflicts extra damage upon your enemies.
   rElec:     It insulates you from electricity.
 K - a +5 broad axe of draining
 N - a +2 whip of distortion
Missiles
 c - 5 curare-tipped darts (quivered)
 h - 5 silver javelins
 z - 4 throwing nets
Armour
 a - the +1 cloak "Buqit" (worn) {rF+ rN+ Regen+}
   (You found it on level 5 of the Lair of Beasts)

   rF:        It protects you from fire.
   rN:        It protects you from negative energy.
   Regen:     It increases your rate of health regeneration.
 u - the cursed +2 pair of gloves "Eternal the Doldrums" (worn) {Cun, Evo}
   (You found it on level 5 of the Lair of Beasts)

   It has a curse which improves the following skills: Cunning: Dodging and
   Stealth.
   Evocations: Evocations.
 v - the cursed +2 helmet "Share My Sorrow" (worn) {Int+3, Self, Melee}
   (You found it on level 4 of the Dungeon)

   It has a curse which improves the following skills: Introspection: Fighting
   and Spellcasting.
   Melee Combat: Short Blades, Long Blades, Axes, Maces & Flails, Polearms,
   Staves and Unarmed Combat.
 x - the +1 scale mail of Ahili {-Cast rCorr Dex+3}
   (You bought it in a shop in a bazaar)

   Dex:       It affects your dexterity (+3).
   -Cast:     It prevents spellcasting.
   rCorr:     It protects you from acid and corrosion.
 F - a +2 robe of cold resistance
 H - the +1 troll leather armour of the Forsaken Wars (worn) {Regen+ Dex+2}
   (You bought it in a shop in a bazaar)

   Dex:       It affects your dexterity (+2).
   Regen:     It increases your rate of health regeneration.
 L - a +2 kite shield of protection (worn)
Jewellery
 i - the cursed amulet "Share My Fetters" (around neck) {Reflect SH+5, Range, Self}
   (You bought it in a shop on level 2 of the Orcish Mines)

   [amulet of reflection]

   It reflects blocked missile attacks.
   SH:        It affects your SH (+5).
   It has a curse which improves the following skills: Ranged Combat: Ranged
   Weapons and Throwing.
   Introspection: Fighting and Spellcasting.
 p - the cursed ring of Ashenzari's Submission (left hand) {rC+, Melee, Range}
   (You found it on level 3 of the Dungeon)

   [ring of protection from cold]

   rC:        It protects you from cold.
   It has a curse which improves the following skills: Melee Combat: Short
   Blades, Long Blades, Axes, Maces & Flails, Polearms, Staves and Unarmed
   Combat.
   Ranged Combat: Ranged Weapons and Throwing.
 s - a ring of wizardry
 t - an amulet of the acrobat
 C - the cursed ring "Disgust of Ashenzari" (right hand) {AC+4, Fort, Self}
   (You found it on level 9 of the Dungeon)

   [ring of protection]

   AC:        It affects your AC (+4).
   It has a curse which improves the following skills: Fortitude: Armour and
   Shields.
   Introspection: Fighting and Spellcasting.
Wands
 e - a wand of digging (10)
 B - a wand of iceblast (18)
 M - a wand of charming (22)
 O - a wand of light (8)
 P - a wand of flame (65)
Scrolls
 d - 4 scrolls of teleportation
 l - 3 scrolls of magic mapping
 y - 2 scrolls of poison
 D - 5 scrolls of vulnerability
 G - 2 scrolls of silence
 R - a scroll of fear
 U - 6 scrolls of immolation
 X - a scroll of fog
Potions
 f - 11 potions of curing
 g - 3 potions of brilliance
 j - 9 potions of might
 k - 9 potions of lignification
 m - 2 potions of ambrosia
 n - 3 potions of cancellation
 o - 7 potions of attraction
 w - 8 potions of haste
 I - 3 potions of invisibility
 J - 4 potions of mutation
 T - 2 potions of resistance
Miscellaneous
 Q - a condenser vane (inert)


   Skills:
 + Level 15.2(18.3) Fighting
 * Level 11.7(14.1) Throwing
 + Level 8.5(10.2) Armour
 - Level 13.9(15.4) Dodging
 + Level 16.2(17.7) Stealth
 + Level 15.4(17.7) Unarmed Combat
 + Level 12.1(15.3) Spellcasting
 + Level 13.3(14.9) Evocations


You couldn't memorise any spells.
You knew the following spells:

 Your Spells              Type           Power      Damage    Failure   Level
a - Kiss of Death         Conj/Necr      100%       2d13      1%          1
b - Momentum Strike       Conj/Tloc      100%       3d10      1%          2
c - Hailstorm             Conj/Ice       80%        3d16      1%          3
d - Necrotise             Necr           100%       1d9       1%          1
e - Poisonous Vapours     Pois/Air       100%       N/A       1%          2
f - Summon Guardian Gole  Hex/Summ       80%        N/A       1%          3
g - Flame Wave            Conj/Fire      80%        2d17      1%          4
h - Summon Ice Beast      Ice/Summ       80%        N/A       1%          4
i - Summon Mana Viper     Hex/Summ       80%        N/A       1%          5
j - Eringya's Noxious Bo  Tmut/Pois      40%        N/A       3%          6
k - Summon Hydra          Summ           40%        N/A       19%         7
l - Conjure Ball Lightni  Conj/Air       40%        3x3d13    3%          6
m - Lehudib's Crystal Sp  Conj/Erth      40%        10d10     80%         8
Your spell library was empty.

Dungeon Overview and Level Annotations

Branches:
Dungeon (15/15)            Temple (1/1) D:6            Lair (5/5) D:11
  Swamp (4/4) Lair:2        Snake (4/4) Lair:3        Slime (1/5) Lair:5
    Orc (2/2) D:9             Elf (2/3) Orc:2        Vaults (3/5) D:13
  Crypt (0/3) Vaults:2     Depths (0/4) D:15

Altars:
Ashenzari
Cheibriados
Dithmenos
Elyvilon
Gozag
Hepliaklqana
Makhleb
Okawaru
Qazlal
Ru
Trog
Uskayaw
Wu Jian
Xom
Yredelemnul
The Shining One
Jiyva

Shops:
D:6 *   Orc:1 !   Orc:2 *!=!*   Elf:1 ?   Vaults:1 (   Vaults:3 !

Annotations:
Lair:4 2 transporters, lunkers's ghost, journeyman AtBe
Lair:5 exclusion: obsidian statue


Innate Abilities, Weirdness & Mutations

You are immune to sickness and miasma.
You are immune to poison.
Your flesh is very heat resistant. (rF++)
You are vulnerable to cold. (rC-)
You float through the air rather than walking.
You learn spells naturally, not from books.
Your magical power is your life essence.
You have superior vitality. (+4 MHP)
You have sharp fingernails.
You are agile. (Dex +4, Str/Int -1)
You possess an exceptional clarity of mind.


Message History

Your eight-headed hydra bites the crystal guardian but does no damage.
Your eight-headed hydra bites the crystal guardian. x2
Your eight-headed hydra bites the crystal guardian but does no damage. x5
Unknown command.
Unknown command.
You feel better.
The crystal guardian closely misses you.
The peacekeeper is engulfed in freezing vapours.
You block the peacekeeper's attack. The peacekeeper closely misses you.
The nameless horror is engulfed in freezing vapours.
Send 'em back where they came from!
Your eight-headed hydra disappears in a puff of smoke!
You hit the nameless horror but do no damage.
The nameless horror is almost destroyed.
You hit the crystal guardian but do no damage.
You hit the peacekeeper but do no damage.
The peacekeeper is engulfed in freezing vapours.
You destroy the peacekeeper!
You block the crystal guardian's attack.
The nameless horror is engulfed in freezing vapours.
You destroy the nameless horror!
That felt strangely unrewarding.
You block the crystal guardian's attack.
Unknown command.
A red film seems to cover your vision as you go berserk!
You feel yourself moving faster!
You feel mighty!
The crystal guardian no longer looks unusually strong.
You block the crystal guardian's attack.
Unknown command.
You hit the crystal guardian but do no damage.
The crystal guardian is lightly damaged.
The crystal guardian hits you!!
* * * LOW HITPOINT WARNING * * *
Your magical contamination has completely faded away.
Unknown command.
You slash the crystal guardian!
The crystal guardian is moderately damaged.
The crystal guardian fires a crystalline bolt at you.
The crystal bolt misses you. The crystal bolt freezes you!!!
You die...

########### ..........#
,,, ..........# , ,
..........# , ,#
#######...# *,, ,.#
......#...# , ..
......'...########+++###*
......#...#.....§9.....#
......#..('.....@§§....#
......#...#..###§§###..#
......#...#..###§§##
####+##...#..##.[..##..
,,, .....#............*
,,......#............#
########..##....##..#
#..###..## ..# #..# #..#
,.#


You could see a crystal guardian.

Vanquished Creatures
  Mennas (Vaults:2)
  Saint Roka (Vaults:1)
  Nikola (Swamp:1)
  Mlioglotl (Snake:2)
  Agnes (D:14)
  A nagaraja (Snake:4)
  A deep elf sorcerer (Elf:1)
  A fenstrider witch (Swamp:3)
  7 vault wardens
  3 ghouls
  9 ironbound preservers
  An orc warlord (Vaults:3)
  3 very ugly things (Vaults:2)
  A quicksilver ooze (Slime:1)
  An ironbound thunderhulk (Vaults:2)
  3 eleionomae
  A deep elf demonologist (Elf:1)
  16 dire elephants
  An entropy weaver (Vaults:3)
  A rakshasa (D:15)
  5 great orbs of eyes
  2 yaktaur captains
  10 hydras
  2 peacekeepers
  4 vault guards
  5 salamander tyrants
  8 anacondas
  5 ironbound frosthearts
  12 centaur warriors
  5 naga warriors (Snake:4)
  7 boulder beetles
  Erica (D:8)
  4 alligators
  2 two-headed ogres
  4 dancing weapons
  A tengu warrior (D:15)
  2 orc high priests (Vaults:3)
  7 naga sharpshooters
  4 shock serpents
  9 deep elf knights
  A spectral death yak (Lair:5)
  A spriggan (Swamp:3)
  2 salamander mystics
  An anaconda zombie (Snake:2)
  2 spectral anacondas (Snake:2)
  32 deep trolls
  3 goliath frogs
  3 naga ritualists
  A swamp dragon (Swamp:4)
  A bog body (Swamp:1)
  3 spriggan druids (Swamp:4)
  2 wizards
  9 lindwurms
  2 deep elf archers (Elf:1)
  12 ironbound convokers
  4 anaconda skeletons (Snake:2)
  11 deep elf zephyrmancers
  3 necromancers (Lair:5)
  7 orc knights
  A wolf spider (D:15)
  20 deep elf pyromancers
  5 mana vipers
  5 ugly things
  3 orc sorcerers
  19 salamanders
  5 manticores
  2 will-o-the-wisps (Swamp:3)
  4 cyclopes
  A black mamba (shapeshifter) (Elf:1)
  A salamander (shapeshifter) (D:14)
  5 guardian serpents
  10 elephants
  16 black mambas
  7 vault sentinels
  5 naga magi
  A torpor snail (Lair:5)
  Joseph (D:7)
  3 gargoyles
  2 cane toads
  2 komodo dragons
  3 unseen horrors
  2 efreet
  A kobold demonologist (D:12)
  A freezing wraith (D:15)
  3 tengu conjurers
  3 rime drakes
  17 yaktaurs
  An anaconda simulacrum (Snake:2)
  3 meliai (D:14)
  6 trolls
  A wolf spider simulacrum (D:15)
  10 tyrant leeches
  A hornet (Swamp:3)
  Grinder (D:5)
  A tarantella (Vaults:3)
  23 slime creatures
  6 blink frogs (Lair:4)
  5 dream sheep
  4 wraiths
  4 water elementals
  4 shadows
  A vampire (D:11)
  2 air elementals (Elf:1)
  4 wyverns
  A fire elemental (Elf:1)
  7 yaks
  A human simulacrum (Vaults:2)
  11 vampire mosquitoes
  A basilisk (D:14)
  A steam dragon (D:8)
  12 nagas
  A warg (Orc:2)
  12 swamp worms
  2 acid dragons
  6 water moccasins
  26 orc warriors
  A black bear (D:6)
  An ice beast (D:8)
  A sky beast (shapeshifter) (D:14)
  3 boggarts (D:11)
  A sky beast (D:8)
  5 ogres
  6 centaurs
  2 kobold brigands
  4 bullfrogs
  2 scorpions
  Dowan (D:5)
  4 killer bees (D:11)
  10 howler monkeys
  4 hounds
  3 jellies
  29 orc priests
  A gnoll bouda (D:6)
  Jessica (D:3)
  Terence (D:3)
  An iguana (D:5)
  18 orc wizards
  A hell rat (Lair:5)
  9 nameless horrors
  15 adders
  23 gnolls
  8 river rats (Lair:5)
  2 white imps
  3 ufetubi
  A worm (D:5)
  A dart slug (D:4)
  66 orcs
  3 bats (D:3)
  10 endoplasms
  4 giant cockroaches
  6 goblins
  2 hobgoblins
  5 jackals
  7 ball pythons
  4 frilled lizards
  18 kobolds
  4 rats
  4 ball lightnings
855 creatures vanquished.

Vanquished Creatures (collateral kills)
  Aizul (Snake:2)
  5 very ugly things (Vaults:2)
  A war gargoyle (D:13)
  An ironbound thunderhulk (Vaults:2)
  A dire elephant (Vaults:2)
  10 hydras
  A rakshasa (D:13)
  A boulder beetle (Lair:4)
  8 death yaks
  12 dancing weapons
  2 anacondas
  2 two-headed ogres
  An alligator (Swamp:1)
  2 naga warriors
  A naga sharpshooter (Snake:3)
  5 orc high priests (Orc:2)
  6 shock serpents
  Nergalle (Lair:3)
  A spectral death yak (Lair:5)
  A salamander mystic (Snake:3)
  A bog body (Swamp:1)
  2 anaconda zombies (Snake:2)
  A deep elf pyromancer (D:14)
  A swamp dragon (Swamp:4)
  3 orc knights (Orc:2)
  A necromancer (Lair:5)
  A deep elf zephyrmancer (Elf:2)
  3 orc sorcerers
  2 salamanders
  4 mana vipers
  3 ugly things
  4 elephants
  4 naga magi
  10 black mambas
  An ice statue (D:12)
  3 cane toads
  A rime drake (Lair:5)
  2 komodo dragons
  A troll (D:10)
  8 dream sheep
  2 tyrant leeches (Swamp:1)
  2 slime creatures (D:13)
  2 spectral elephants (Lair:5)
  5 blink frogs (Lair:4)
  17 yaks
  A wyvern (Lair:4)
  A steam dragon (D:9)
  3 vampire mosquitoes
  A spectral cane toad (Lair:5)
  2 swamp worms (Swamp:4)
  13 nagas
  A water moccasin (Lair:3)
  4 swamp drakes (Swamp:4)
  13 orc warriors
  An elephant zombie (Lair:5)
  2 ogres (Orc:1)
  A gnoll sergeant (D:11)
  A bullfrog (Lair:2)
  An earth elemental (Elf:1)
  A wight (D:10)
  A killer bee (D:11)
  An elephant simulacrum (Lair:5)
  5 orc priests (Orc:2)
  A gnoll bouda (D:9)
  An orc wizard (Orc:1)
  4 nameless horrors
  4 gnolls (D:9)
  10 orcs
  3 ball lightnings (Snake:4)
223 creatures vanquished.

Vanquished Creatures (others)
  Jorgrun (D:14)
  Frances (Swamp:1)
  3 ghouls (Swamp:3)
  An ironbound preserver (Vaults:2)
  Louise (Swamp:1)
  2 very ugly things (Vaults:2)
  A vampire knight (Vaults:2)
  4 dire elephants
  A bunyip (Swamp:1)
  A vault guard (D:13)
  7 hydras
  A catoblepas (Lair:3)
  2 alligators (Swamp:2)
  3 anacondas
  2 centaur warriors
  2 naga warriors (Snake:1)
  A two-headed ogre (Orc:1)
  7 death yaks
  A naga sharpshooter (Snake:1)
  A spriggan (Swamp:3)
  3 anaconda zombies (Snake:2)
  2 deep trolls
  4 spectral anacondas
  A bog body (Swamp:1)
  A naga ritualist (Snake:3)
  A phantasmal warrior (Vaults:2)
  5 swamp dragons (Swamp:4)
  A lindwurm (Vaults:2)
  4 orc knights (Orc:2)
  A deep elf zephyrmancer (Elf:1)
  An anaconda skeleton (Snake:2)
  A mana viper (Snake:2)
  A manticore (D:11)
  3 ugly things
  A will-o-the-wisp (Swamp:2)
  A dire elephant zombie (Lair:5)
  4 black mambas
  7 elephants
  3 cane toads
  Maggie (D:7)
  2 naga magi
  3 komodo dragons
  An anaconda simulacrum (Snake:2)
  A troll (Orc:1)
  A bloated husk (Swamp:3)
  Prince Ribbit (D:7)
  A hornet (Swamp:3)
  6 slime creatures
  3 blink frogs (Lair:4)
  A stone giant simulacrum (Vaults:2)
  A shadow (D:13)
  9 yaks
  A wyvern (D:9)
  2 wraiths
  A death yak simulacrum (Lair:5)
  Menkaure (D:6)
  An acid dragon (D:13)
  9 nagas
  2 wargs (D:11)
  3 swamp worms
  Duvessa (D:5)
  6 water moccasins
  4 swamp drakes (Swamp:4)
  A black bear (D:6)
  2 ice beasts
  8 orc warriors
  A centaur (D:6)
  Blork the orc (D:5)
  3 gnoll sergeants
  2 cane toad simulacra (Lair:5)
  3 wights (D:10)
  2 elephant simulacra (Lair:5)
  A jelly (D:6)
  4 orc priests
  A gnoll bouda (D:7)
  A hell rat (Lair:5)
  12 gnolls
  2 orcs
  434 ball lightnings
  A fire vortex (Lair:1)
  16 foxfires
  25 fungi
  28 plants
  2 starspawn tentacles (Snake:2)
  29 withered plants (Lair:5)
729 creatures vanquished.

Grand Total: 1807 creatures vanquished

Notes
Turn   | Place    | Note
-------+----------+-------------------------------------------
     0 | D:1      | Shayle the Djinni Reaver began the quest for the Orb.
     0 | D:1      | Shayle set off with the following spells memorised: Kiss of
                  | Death, Momentum Strike, Hailstorm.
     0 | D:1      | Reached XP level 1. HP: 18/18 MP: 0/0
   188 | D:1      | Found a faded altar of an unknown god.
   337 | D:1      | Reached XP level 2. HP: 9/23 MP: 0/0
  1103 | D:2      | Reached XP level 3. HP: 26/28 MP: 0/0
  1103 | D:2      | Learned a level 1 spell: Necrotise
  1169 | D:2      | Reached skill level 1 in Armour
  1578 | D:2      | Reached skill level 1 in Stealth
  1827 | D:3      | Reached XP level 4. HP: 34/34 MP: 0/0
  1834 | D:3      | Identified the +3 leather armour of the Untouchables
                  | {Stlth+}
  1971 | D:3      | Noticed Jessica
  1980 | D:3      | Killed Jessica
  2110 | D:3      | Noticed an ogre
  2124 | D:3      | Killed an ogre
  2125 | D:3      | Reached XP level 5. HP: 10/40 MP: 0/0
  2125 | D:3      | Learned a level 2 spell: Poisonous Vapours
  2337 | D:3      | Noticed Terence
  2354 | D:3      | Killed Terence
  2394 | D:3      | Reached XP level 6. HP: 46/46 MP: 0/0
  2465 | D:3      | Found a stormy altar of Qazlal.
  2652 | D:3      | Reached skill level 2 in Stealth
  3006 | D:4      | Noticed an ogre
  3433 | D:4      | Identified the +3 trident "Gimogaeq" {vorpal, Int+3 SInv}
  3531 | D:4      | Reached XP level 7. HP: 24/50 MP: 0/0
  3531 | D:4      | Learned a level 3 spell: Summon Guardian Golem
  4031 | D:5      | Entered Level 5 of the Dungeon
  4457 | D:5      | Noticed a water moccasin
  4484 | D:5      | Killed a water moccasin
  4485 | D:5      | Reached skill level 3 in Stealth
  4485 | D:5      | Reached XP level 8. HP: 26/58 MP: 0/0
  4748 | D:5      | Noticed Duvessa
  4748 | D:5      | Noticed Dowan
  4786 | D:5      | Killed Dowan
  4799 | D:5      | Killed Duvessa
  4800 | D:5      | Reached skill level 5 in Unarmed Combat
  5073 | D:5      | Noticed Grinder
  5102 | D:5      | Killed Grinder
  5437 | D:5      | Noticed Blork the orc
  5455 | D:5      | Killed Blork the orc
  5456 | D:5      | Reached skill level 5 in Fighting
  5456 | D:5      | Reached skill level 4 in Stealth
  5456 | D:5      | Reached XP level 9. HP: 60/65 MP: 0/0
  5456 | D:5      | Learned a level 4 spell: Flame Wave
  5591 | D:6      | Identified the +7 hand axe "Kerienwajam" {vorpal, rElec}
  5598 | D:6      | Found Pedusing's CLEARANCE SALE!.
  5997 | D:6      | Noticed Menkaure
  6042 | D:6      | Killed Menkaure
  6096 | D:6      | Reached skill level 5 in Armour
  6115 | D:6      | Upgraded the game from 0.30-a0-359-gd0147acb1a to
                  | 0.30-a0-360-g447f08457e
  6685 | D:6      | Found a glowing golden altar of the Shining One.
  6859 | D:6      | Found a staircase to the Ecumenical Temple.
  6883 | Temple   | Entered the Ecumenical Temple
  7091 | Temple   | Became a worshipper of Ashenzari the Shackled
  7374 | D:7      | Noticed Joseph
  7381 | D:7      | Killed Joseph
  7382 | D:7      | Reached skill level 5 in Stealth
  7382 | D:7      | Reached skill level 5 in Spellcasting
  7390 | D:7      | Noticed Prince Ribbit
  7402 | D:7      | Killed Prince Ribbit
  7403 | D:7      | Reached XP level 10. HP: 59/72 MP: 0/0
  7641 | D:7      | Identified the +3 leather armour of Fored {rN+}
  8434 | D:7      | Killed a very large slime creature
  8435 | D:7      | Reached skill level 6 in Stealth
  8912 | D:8      | Noticed Maggie
  8912 | D:8      | Noticed Erica
  8936 | D:7      | Killed Maggie
  9213 | D:8      | Killed Erica
  9214 | D:8      | Reached XP level 11. HP: 79/79 MP: 0/0
  9214 | D:8      | Learned a level 4 spell: Summon Ice Beast
 10211 | D:9      | Reached skill level 1 in Evocations
 10272 | D:9      | Found an opulent altar of Gozag.
 10444 | D:9      | Reached * piety under Ashenzari
 10446 | D:9      | Identified the +9 hand axe of the Grave {freeze, Int+3}
 10491 | D:9      | Found a staircase to the Orcish Mines.
 11442 | D:10     | Entered Level 10 of the Dungeon
 11482 | D:10     | Identified the cursed +2 helmet "Eternal Together" {Cun,
                  | Evo} (You found it on level 2 of the Dungeon)
 11781 | D:10     | Reached skill level 7 in Stealth
 13469 | D:11     | Found a staircase to the Lair.
 13474 | D:11     | Noticed a manticore
 13490 | D:11     | Killed a manticore
 13491 | D:11     | Reached XP level 12. HP: 65/88 MP: 0/0
 13619 | D:11     | Noticed a boulder beetle
 13647 | D:11     | Killed a boulder beetle
 13701 | Lair:1   | Entered Level 1 of the Lair of Beasts
 14493 | Lair:2   | Reached skill level 5 in Dodging
 14934 | Lair:2   | Found a staircase to the Swamp.
 15531 | Lair:3   | Noticed a four-headed hydra
 15542 | Lair:3   | Killed a four-headed hydra
 15704 | Lair:3   | Reached skill level 8 in Stealth
 15721 | Lair:3   | Noticed a catoblepas
 15744 | Lair:3   | Killed a catoblepas
 15916 | Lair:3   | Found a staircase to the Snake Pit.
 16076 | Lair:3   | Noticed a six-headed hydra
 16089 | Lair:3   | Killed a six-headed hydra
 16090 | Lair:3   | Reached skill level 5 in Evocations
 16090 | Lair:3   | Reached XP level 13. HP: 92/94 MP: 0/0
 16090 | Lair:3   | Learned a level 5 spell: Summon Mana Viper
 16157 | Lair:3   | Noticed Nergalle
 16166 | Lair:3   | Killed Nergalle
 16205 | Lair:3   | Gained mutation: Potions are less effective at restoring
                  | your health. [potion of mutation]
 16206 | Lair:3   | Lost mutation: Potions are less effective at restoring your
                  | health. [potion of mutation]
 16206 | Lair:3   | Gained mutation: You sometimes lose your temper in combat.
                  | [potion of mutation]
 16206 | Lair:3   | Gained mutation: Armour fits poorly on your strangely
                  | shaped body. [potion of mutation]
 16206 | Lair:3   | Gained mutation: You are strong-willed. (Will+) [potion of
                  | mutation]
 16207 | Lair:3   | Lost mutation: You are strong-willed. (Will+) [potion of
                  | mutation]
 16207 | Lair:3   | Lost mutation: Armour fits poorly on your strangely shaped
                  | body. [potion of mutation]
 16207 | Lair:3   | Lost mutation: You sometimes lose your temper in combat.
                  | [potion of mutation]
 16207 | Lair:3   | Gained mutation: You have sharp fingernails. [potion of
                  | mutation]
 16207 | Lair:3   | Gained mutation: You are agile. (Dex +4, Str/Int -1)
                  | [potion of mutation]
 16207 | Lair:3   | Gained mutation: You possess an exceptional clarity of
                  | mind. [potion of mutation]
 16787 | Lair:4   | Reached skill level 10 in Unarmed Combat
 16959 | Lair:4   | Noticed a five-headed hydra
 16969 | Lair:4   | Killed a five-headed hydra
 17123 | Lair:4   | Reached skill level 10 in Fighting
 17592 | Lair:4   | Reached skill level 9 in Stealth
 17726 | Lair:4   | Reached XP level 14. HP: 80/103 MP: 0/0
 17829 | Lair:4   | Noticed lunkers's ghost (journeyman AtBe)
 17831 | Lair:4   | Found a transporter.
 17835 | Lair:4   | Found a transporter.
 18224 | Lair:5   | Entered Level 5 of the Lair of Beasts
 19145 | Orc:1    | Entered Level 1 of the Orcish Mines
 19145 | Orc:1    | Found Nintiur's Distillery.
 19273 | Orc:2    | Entered Level 2 of the Orcish Mines
 19273 | Orc:2    | Found Uhaer's Assorted Antiques.
 19503 | Orc:2    | Bought a scroll labelled OTEIXKUWOQ for 26 gold pieces
 20067 | Orc:2    | Found a staircase to the Elven Halls.
 20955 | Orc:2    | Found Fiureit's Distillery.
 20955 | Orc:2    | Found Sualy's General Store.
 20956 | Orc:2    | Found Joistren's Jewellery Shoppe.
 20956 | Orc:2    | Found Fojuluah's Distillery.
 20968 | Orc:2    | Bought a potion of curing for 42 gold pieces
 20968 | Orc:2    | Bought a potion of heal wounds for 70 gold pieces
 20968 | Orc:2    | Bought 2 potions of curing for 84 gold pieces
 20968 | Orc:2    | Bought a potion of curing for 42 gold pieces
 20970 | Orc:2    | Bought an amulet of reflection for 360 gold pieces
 20971 | Orc:2    | Bought a potion of curing for 48 gold pieces
 20971 | Orc:2    | Bought a potion of curing for 48 gold pieces
 20971 | Orc:2    | Bought a potion of curing for 48 gold pieces
 23231 | D:12     | Found a gateway to a bazaar.
 23247 | Bazaar   | Entered a bazaar
 23290 | Bazaar   | Found Ebbouqy's Armour Boutique.
 23312 | Bazaar   | Found Paekluq's Magic Scroll Emporium.
 23333 | Bazaar   | Found Baujonue's General Store.
 23353 | Bazaar   | Found Kishrienk's Antique Weapon Shoppe.
 23397 | Bazaar   | Bought a scroll of enchant armour for 97 gold pieces
 23397 | Bazaar   | Bought a scroll of enchant armour for 97 gold pieces
 23397 | Bazaar   | Bought a scroll of blinking for 97 gold pieces
 23397 | Bazaar   | Bought a scroll of teleportation for 39 gold pieces
 23397 | Bazaar   | Bought a scroll of teleportation for 39 gold pieces
 23397 | Bazaar   | Bought a scroll of enchant weapon for 97 gold pieces
 23412 | Bazaar   | Bought a scroll of teleportation for 27 gold pieces
 23412 | Bazaar   | Bought a potion of curing for 27 gold pieces
 23412 | Bazaar   | Bought a scroll of fear for 36 gold pieces
 23412 | Bazaar   | Bought a scroll of summoning for 85 gold pieces
 23448 | Bazaar   | Bought the +1 troll leather armour of the Forsaken Wars
                  | {Regen+ Dex+2} for 405 gold pieces
 23606 | Lair:1   | Reached ** piety under Ashenzari
 23686 | Lair:4   | Reached skill level 10 in Stealth
 23686 | Lair:4   | Reached XP level 15. HP: 74/114 MP: 0/0
 23686 | Lair:4   | Learned a level 6 spell: Eringya's Noxious Bog
 23893 | Lair:5   | Found a runed translucent door.
 23893 | Lair:5   | Found a viscous altar of Jiyva.
 23894 | Lair:5   | Found a staircase to the Slime Pits.
 23951 | Lair:5   | Identified the +1 hand axe "Vyar" {speed, rF+ rN+ Str+5}
 25266 | Lair:5   | Identified the +1 cloak "Buqit" {rF+ rN+ Regen+}
 25634 | Lair:5   | Reached skill level 10 in Dodging
 26400 | D:12     | Identified the Vademecum on Flaming Glaciation
 26484 | D:12     | Reached XP level 16. HP: 61/122 MP: 0/0
 27170 | D:13     | Identified a scroll of acquirement
 27185 | D:13     | Acquired a manual of Stealth
 27737 | D:13     | Found a gate to the Vaults.
 27748 | D:13     | Reached skill level 11 in Stealth
 27754 | D:13     | Reached skill level 1 in Throwing
 28323 | D:14     | Noticed Jorgrun
 28438 | D:14     | Reached *** piety under Ashenzari
 28643 | D:14     | Killed Jorgrun
 28704 | D:15     | Entered Level 15 of the Dungeon
 29026 | Swamp:1  | Entered Level 1 of the Swamp
 29059 | Swamp:1  | Noticed Frances
 29076 | Swamp:1  | Killed Frances
 29134 | Swamp:1  | Noticed Nikola
 29143 | Swamp:1  | Killed Nikola
 29248 | Swamp:1  | Reached skill level 10 in Evocations
 29506 | Swamp:1  | Noticed Louise
 29643 | Swamp:1  | Killed Louise
 29644 | Swamp:1  | Reached skill level 10 in Spellcasting
 29879 | Swamp:2  | Reached XP level 17. HP: 130/130 MP: 0/0
 29879 | Swamp:2  | Learned a level 7 spell: Summon Hydra
 30156 | Swamp:2  | Reached skill level 12 in Stealth
 31024 | Swamp:4  | Entered Level 4 of the Swamp
 31247 | Swamp:4  | Reached skill level 5 in Throwing
 31458 | Swamp:4  | Got a decaying rune of Zot
 31833 | Snake:1  | Entered Level 1 of the Snake Pit
 32722 | Snake:1  | Reached XP level 18. HP: 127/138 MP: 0/0
 32901 | Snake:1  | Reached skill level 13 in Stealth
 33563 | Snake:2  | Found a flickering gateway to a bazaar.
 33588 | Bazaar   | Entered a bazaar
 33601 | Bazaar   | Found Ippo Bou's Antique Weapon Emporium.
 33613 | Bazaar   | Found Cuotakei's Antique Weapon Shoppe.
 33628 | Bazaar   | Found Vasait's Antique Armour Shoppe.
 33640 | Bazaar   | Found Iqoyddayf's Antique Armour Emporium.
 33709 | Bazaar   | Bought an ichor-stained scale mail for 216 gold pieces
 33709 | Bazaar   | Identified the +1 scale mail of Ahili {-Cast rCorr Dex+3}
                  | (You bought it in a shop in a bazaar)
 33773 | Snake:2  | Noticed Mlioglotl
 33784 | Snake:2  | Noticed Aizul
 34200 | Snake:2  | Killed Mlioglotl
 34617 | Snake:2  | Killed Aizul
 35904 | Snake:4  | Entered Level 4 of the Snake Pit
 36897 | Snake:3  | Reached XP level 19. HP: 134/145 MP: 0/0
 36897 | Snake:3  | Learned a level 6 spell: Conjure Ball Lightning
 37533 | Snake:4  | Reached skill level 14 in Stealth
 38172 | Snake:4  | Got a serpentine rune of Zot
 39092 | D:15     | Noticed Agnes
 39097 | D:14     | Killed Agnes
 39350 | D:15     | Found a snail-covered altar of Cheibriados.
 39372 | D:15     | Acquired 441 gold pieces
 39394 | D:15     | Found a shimmering altar of Xom.
 39448 | D:15     | Found a staircase to the Depths.
 39667 | Vaults:1 | Entered Level 1 of the Vaults
 39771 | Vaults:1 | Noticed Saint Roka
 39787 | Vaults:1 | Killed Saint Roka
 40190 | Vaults:1 | Reached XP level 20. HP: 137/153 MP: 0/0
 40764 | Vaults:1 | Found Ygico's Weapon Boutique.
 41034 | Vaults:2 | Reached skill level 15 in Stealth
 41338 | Vaults:2 | Reached skill level 10 in Throwing
 41776 | Vaults:2 | Noticed Mennas
 41793 | Vaults:2 | HP: 5/157 [Mennas/+4 eudemon blade of holy wrath (19)]
 42080 | Elf:1    | Entered Level 1 of the Elven Halls
 42130 | Elf:1    | Paralysed by an air elemental for 1 turns
 42133 | Elf:1    | Paralysed by an air elemental for 1 turns
 42237 | Elf:1    | Reached XP level 21. HP: 154/162 MP: 0/0
 42237 | Elf:1    | Learned a level 8 spell: Lehudib's Crystal Spear
 42281 | Elf:1    | Identified the Grimoire of Production
 42593 | Elf:1    | Paralysed by an air elemental for 1 turns
 42792 | Elf:1    | Found Xuthram's Magic Scroll Shop.
 42864 | Elf:1    | Reached skill level 15 in Unarmed Combat
 43611 | Elf:2    | Upgraded the game from 0.30-a0-360-g447f08457e to
                  | 0.30-a0-364-gf6b3ef1049
 43634 | Elf:2    | Found a runed translucent gate.
 43634 | Elf:2    | Found a runed translucent gate.
 43634 | Elf:2    | Found a runed translucent gate.
 44516 | Slime:1  | Entered Level 1 of the Pits of Slime
 44522 | Slime:1  | Reached skill level 15 in Fighting
 44794 | Vaults:2 | Reached skill level 16 in Stealth
 45143 | Vaults:2 | Killed Mennas
 45612 | Vaults:2 | Found a staircase to the Crypt.
 45690 | Vaults:3 | Found Dogitumoum's Distillery.
 45698 | Vaults:3 | Bought a potion of curing for 60 gold pieces
 45698 | Vaults:3 | Bought a potion of brilliance for 80 gold pieces
 45698 | Vaults:3 | Bought a potion of curing for 60 gold pieces
 45698 | Vaults:3 | Bought a potion of invisibility for 160 gold pieces
 45698 | Vaults:3 | Bought a potion of curing for 60 gold pieces
 45698 | Vaults:3 | Bought 2 potions of heal wounds for 200 gold pieces
 45698 | Vaults:3 | Bought a potion of might for 80 gold pieces
 45698 | Vaults:3 | Bought a potion of curing for 60 gold pieces
 45698 | Vaults:3 | Bought a potion of cancellation for 160 gold pieces
 46204 | Vaults:3 | Reached XP level 22. HP: 74/170 MP: 0/0
 46400 | Vaults:3 | Killed from afar by a crystal guardian

Illustrated notes

Levels and vault maps discovered:
D:1:      dpeg_arrival_leaves_temple_mockup, layout_loops_corners,
          shapermc_ecumenical_altar_hornbeckon, minmay_bisected
D:2:      layout_loops_ring, minivault_4, kennysheep_flooded_box
D:3:      minmay_door_path, layout_loops_cross, overflow_temple_1_default,
          serial_forest, infiniplex_forest_straight_3, infiniplex_forest_end_2,
          infiniplex_forest_corner_1, infiniplex_forest_clump_curved,
          infiniplex_forest_lined_room_2, nrook_mini_backslash, chequers_garden,
          uniq_jessica, uniq_terence
D:4:      layout_loops_ring, ebering_dispersal_statue_hall
D:5:      layout_cave_pods, uniq_grinder, uniq_blork_the_orc, uniq_duvessa
D:6:      layout_basic, tso_oasis_becter, minmay_temple_entry_proselytizer,
          nicolae_shop_clearance, uniq_menkaure
D:7:      layout_basic, uniq_prince_ribbit1, uniq_joseph
D:8:      layout_rooms, uniq_maggie, uniq_erica
D:9:      layout_irregular_city, nicolae_gozag_seed_capital, orc_0_dummy,
          evilmike_butchery
D:10:     layout_grid_maze, dk_vineyard_3
D:11:     layout_basic, erik_lair_orcish_takeover, hangedman_corner_corridor
D:12:     layout_loops_corners, serial_shops, statue_bzr, minmay_joined_circles
D:13:     layout_cave_pools, lightli_vaults_fourway_checkpoint
D:14:     kennysheep_room_grid, layout_irregular_city,
          chequers_serial_rivers_micro_a, uniq_jorgrun
D:15:     hangedman_depths_entry_try_elsewhere_first, layout_cave_pools,
          cheibriados_altar_1, xom_teletrap_fun, uniq_agnes
Temple:   compressed_dpeg_triangle_lava_temple
Lair:1:   layout_gridlike, lemuel_fruit_fields
Lair:2:   layout_long_grid, minmay_swamp_entry_swarm
Lair:3:   layout_long_grid, guppyfry_snake_entry_island, grunt_megastairs_4,
          infiniplex_staircase_pool, uniq_nergalle
Lair:4:   layout_regular_city, gammafunk_ghost_arena, grunt_megastairs_5
Lair:5:   due_jungle_book, layout_cave_shapes, slime_entry_2, kennysheep_rathole
Swamp:1:  layout_falls_marsh, nicolae_swamp_round_clearing, swamp_pool3,
          uniq_louise, uniq_frances, uniq_nikola
Swamp:2:  layout_basic_swamp, nicolae_swamp_tree_isthmus
Swamp:3:  layout_basic_swamp, evilmike_swamp_ruin_house_3, swamp_pool5
Swamp:4:  swamp, layout_basic_swamp, swamp_pool2
Snake:1:  layout_layer_cave, grunt_ministairs_4
Snake:2:  layout_rooms, serial_shops, bzr_entry_water,
          nicolae_snake_dead_anacondas, uniq_aizul, uniq_mlioglotl
Snake:3:  layout_layer_cave
Snake:4:  grunt_snake_rune_pools, layout_misc_corridors,
          nicolae_snake_serpentine_hallways, grunt_ministairs_15
Slime:1:  layout_caves, cheibrodos_slime_lost_civilization_7
Orc:1:    layout_caves, serial_shops, shop
Orc:2:    st_orc_pillars, layout_caves, serial_shops, shop_statue
Elf:1:    elf_arrival_002, layout_gridlike, serial_shops, shop,
          minmay_elf_demonology
Elf:2:    nicolae_elf_blades_crystal_corner, layout_loops_corners
Vaults:1: nicolae_vaults_yaktaur_gun_rack, vaults_mumra_minichess_inversion,
          vaults_room_pools, nicolae_vaults_little_squares_3,
          ontoclasm_vaults_loading_screen, ontoclasm_vaults_gateway,
          vaults_room_pool, v_misc_29, vaults_dpeg_ring, hangedman_vaults_trim,
          vaults_dpeg_emergency_exit, layout_vaults_big_room, serial_shops,
          nicolae_shop_bloodbath_and_beyond, uniq_saint_roka
Vaults:2: grunt_vaults_trifunnel, grunt_vaults_focal, ontoclasm_vaults_spin,
          vaults_standard_mumra_enter_the_diamond, serial_ice_h,
          nicolae_vaults_border_crossing, nicolae_vaults_little_squares_1,
          hangedman_vaults_stagger, ontoclasm_vaults_pinch,
          hangedman_vaults_cutoff, minmay_crypt_entry_simple_box,
          layout_vaults_ring, uniq_mennas
Vaults:3: ontoclasm_vaults_ring_small, vaults_room_stairs_pillars,
          hangedman_vaults_restitches, nicolae_vaults_network_barrier, v_misc_4,
          vaults_room_fours, hangedman_vaults_trim, v_pattern_3, serial_ice_m,
          special_room_vaults [special_room_orc], nicolae_vaults_little_ls,
          layout_vaults_omnicross, serial_shops, nicolae_shop_statue_plus, shop

Skill      XL: |  1  2  3  4  5  6  7  8  9 10 11 12 13 14 15 16 17 18 19 20 21 |
---------------+----------------------------------------------------------------+-----
Armour         | 1 2 3 4 5 6 7 8 |  8.5
Stealth        | 1 2 3 4 5 6 7 8 9 10 11 12 13 14 15 16 | 16.2
Spellcasting   | 3 4 5 6 7 8 9 10 11 12 | 12.1
Fighting       | 3 4 5 6 7 8 9 10 11 12 13 14 15 | 15.2
Unarmed Combat | 4 5 6 7 8 9 10 11 12 13 14 15 | 15.4
Evocations     | 3 5 6 8 9 10 11 12 13 | 13.3
Dodging        | 4 6 7 9 10 11 12 13 | 13.9
Throwing       | 3 6 7 9 10 11 | 11.7

Action                   |  1- 3 |  4- 6 |  7- 9 | 10-12 | 13-15 | 16-18 | 19-21 | 22-24 || total
-------------------------+-------+-------+-------+-------+-------+-------+-------+-------++-------
Melee: Unarmed           |    35 |       |       |       |       |    21 |    37 |       ||    93
       Punch             |     2 |     3 |     3 |    12 |    17 |       |       |       ||    37
       Dagger            |    49 |    98 |       |       |       |       |       |       ||   147
       Trident           |       |    20 |   161 |    42 |       |       |       |       ||   223
       Hand axe          |       |       |       |   122 |   249 |   365 |   347 |    25 ||  1108
       Eudemon blade     |       |       |       |       |       |       |     6 |       ||     6
Throw: Dart              |       |       |       |       |     3 |       |     5 |       ||     8
       Javelin           |       |       |       |       |       |     4 |     6 |       ||    10
 Cast: Momentum Strike   |       |     1 |       |       |       |       |       |       ||     1
       Poisonous Vapours |       |    10 |    47 |    24 |    17 |    20 |       |       ||   118
       Summon Guardian G |       |       |    25 |    49 |    94 |   116 |    23 |       ||   307
       Flame Wave        |       |       |     2 |    21 |    10 |    30 |    45 |     2 ||   110
       Hailstorm         |       |       |       |    21 |    48 |    80 |    54 |     1 ||   204
       Summon Ice Beast  |       |       |       |    33 |    82 |    87 |    19 |     1 ||   222
       Necrotise         |       |       |       |     3 |       |       |       |       ||     3
       Summon Mana Viper |       |       |       |       |    50 |    68 |    15 |       ||   133
       Eringya's Noxious |       |       |       |       |     9 |    74 |    59 |       ||   142
       Summon Hydra      |       |       |       |       |       |     2 |    34 |     3 ||    39
       Conjure Ball Ligh |       |       |       |       |       |       |   159 |     2 ||   161
Invok: Curse Item        |       |       |       |     2 |     2 |     1 |     1 |       ||     6
       Shatter the Chain |       |       |       |       |     1 |       |       |       ||     1
Evoke: Wand              |       |       |     2 |     3 |    26 |     4 |    14 |       ||    49
       Condenser vane    |       |       |       |       |     2 |     1 |     2 |     1 ||     6
  Use: Scroll            |       |    10 |     1 |    12 |     9 |    10 |    15 |       ||    57
       Potion            |       |     2 |     1 |     5 |    10 |     7 |    21 |     4 ||    50
 Stab: Sleeping          |     3 |     5 |     5 |     3 |     1 |     3 |     1 |       ||    21
       Distracted        |       |       |       |     1 |     3 |     4 |     4 |       ||    12
Armor: Leather armour    |    21 |    56 |   104 |    95 |    58 |       |       |       ||   334
       Skin              |       |       |       |    48 |       |       |       |       ||    48
       Troll leather arm |       |       |       |       |    79 |   204 |   234 |    20 ||   537
Dodge: Dodged            |    55 |    63 |   155 |   182 |   270 |   434 |   454 |    51 ||  1664
Block: Other             |       |       |       |       |     8 |       |       |       ||     8
       Kite shield       |       |       |       |       |   150 |   482 |   587 |    48 ||  1267
       Reflection        |       |       |       |       |     2 |    40 |    67 |     2 ||   111

Table legend: (Time is in decaauts)
 A = Elapsed time spent in this place.
 B = Non-inter-level travel time spent in this place.
 C = Inter-level travel time spent in this place.
 D = Time resting spent in this place.
 E = Time spent auto-exploring this place.
 F = Levels seen in this place.
 G = Mean time per level.
                   A        B        C        D        E       F      G
               +--------+--------+--------+--------+--------+-----+--------+
         Total |  46979 |  43229 |   3750 |  11224 |  18080 |  39 | 1204.6 |
       Dungeon |  19316 |  18079 |   1237 |   4752 |   8260 |  15 | 1287.7 |
        Temple |    221 |    208 |     13 |      0 |    177 |   1 |  221.0 |
          Lair |   8754 |   7519 |   1235 |   2372 |   2874 |   5 | 1750.8 |
         Swamp |   2700 |   2518 |    182 |    317 |   1154 |   4 |  675.0 |
     Snake Pit |   6587 |   5939 |    648 |   1502 |   2527 |   4 | 1646.8 |
    Slime Pits |     11 |     11 |      0 |      0 |      0 |   1 |   11.0 |
  Orcish Mines |   2999 |   2723 |    276 |   1194 |    522 |   2 | 1499.5 |
   Elven Halls |   1962 |   1927 |     35 |    324 |    875 |   2 |  981.0 |
        Vaults |   4006 |   3884 |    122 |    762 |   1513 |   3 | 1335.3 |
        Bazaar |    418 |    418 |      0 |      0 |    178 |   2 |  209.0 |
               +--------+--------+--------+--------+--------+-----+--------+

Top non-repeatable levels by time:
  Lair:5: 2606 daAuts
  Lair:4: 2440 daAuts
   Orc:2: 2269 daAuts
 Snake:3: 2082 daAuts
Vaults:2: 1998 daAuts
    D:10: 1908 daAuts
 Snake:1: 1906 daAuts
     D:7: 1894 daAuts
     D:6: 1846 daAuts
    D:12: 1681 daAuts
    D:11: 1627 daAuts
     D:5: 1619 daAuts
     D:9: 1458 daAuts
 Snake:4: 1399 daAuts
     D:3: 1332 daAuts
